 Dungeon Crawl Stone Soup version 0.28-a0-845-gfc338a8e3c (webtiles) character file.

Game seed: 14275138705306229152

2 croobank the Ducker (level 1, -1/7 HPs)
             Began as a Felid Air Elementalist on Nov 12, 2021.
             Was a Follower of Okawaru.
             Slain by a hobgoblin (4 damage)
             ... on level 1 of the Dungeon.
             The game lasted 00:00:55 (64 turns).

croobank the Ducker (Felid Air Elementalist)          Turns: 64, Time: 00:00:56

Health: -1/7       AC:  1    Str:  4    XL:     1   Next: 33%
Magic:  2/4        EV: 21    Int: 16    God:    Okawaru [*.....]
Gold:   7          SH:  0    Dex: 16    Spells: 3/4 levels left
                                        Lives:  0   Deaths: 0

rFire   . . .      SeeInvis +     - Unarmed
rCold   . . .      Faith    .   (shield unavailable)
rNeg    . . .      Spirit   .   (armour unavailable)
rPois   .          Reflect  .   (helmet unavailable)
rElec   .          Harm     .   (cloak unavailable)
rCorr   .          Rampage  .   (gloves unavailable)
Will    .....                   (boots unavailable)
Stlth   ++++......              (no amulet)
HPRegen 0.02/turn               (no ring)
MPRegen 0.09/turn               (no ring)

@: heroic, quick
A: very small, claws 1, fangs 3, see invisible, speed 1, shaggy fur 1, stealthy
paws, no weapons or thrown items, no armour, multi-lived
a: Renounce Religion, Heroism


You were on level 1 of the Dungeon.
You worshipped Okawaru.
Okawaru was aware of your devotion.
You visited 1 branch of the dungeon, and saw 1 of its levels.

You collected 7 gold pieces.

Inventory:

Potions
 a - a potion of mutation {unknown}


   Skills:
 + Level 2.8(7.8) Dodging
 + Level 2.6(7.6) Stealth
 + Level 2.0 Spellcasting
 + Level 1.1 Conjurations
 + Level 2.6 Air Magic


You had 3 spell levels left.
You knew the following spells:

 Your Spells              Type           Power      Damage    Failure   Level
a - Shock                 Conj/Air       28%        1d4       10%         1

Your spell library contained the following spells:

 Spells                   Type           Power      Damage    Failure   Level
 Static Discharge         Conj/Air       7%         N/A       14%         2
 Swiftness                Air            10%        N/A       21%         3
 Airstrike                Air            5%         N/A       56%         4


Dungeon Overview and Level Annotations

Branches:
Dungeon (1/15)

Altars:
Okawaru


Innate Abilities, Weirdness & Mutations

You have sharp claws.
You have razor-sharp teeth.
You have supernaturally acute eyesight. (SInv)
You cover ground quickly. (Speed+)
You are covered in fur. (AC +1)
Your paws help you pounce on unaware monsters.
You are incapable of wielding weapons or throwing items.
You cannot wear armour.
You gain extra lives every three experience levels.


Message History

You see here 7 gold pieces.
You now have 7 gold pieces.
There is a faded altar of an unknown god here.
You cannot tell which god this altar belongs to.
Convert to them anyway?
Okawaru accepts your prayer! Okawaru welcomes you!
You can now gain great but temporary skills.
The kobold shouts!
Okay, then.
An endoplasm comes into view.
You gain the combat prowess of a mighty hero.
The endoplasm completely misses you.
You claw the endoplasm!
You kill the endoplasm!
Okawaru accepts your kill.
Your Conjurations skill increases to level 1!
You scratch the kobold but do no damage.
The kobold hits you with a +0 dagger.
A hobgoblin comes into view.
The hobgoblin shouts!
You scratch the kobold.
You kill the kobold!
Okawaru accepts your kill.
The endoplasm jiggles.
The endoplasm misses you.
Things that are here:
a +0 dagger; a kobold corpse You scratch the endoplasm.
The endoplasm is severely wounded.
The endoplasm hits you.
You scratch the endoplasm but do no damage.
The endoplasm is severely wounded.
The endoplasm freezes you.
You are frozen.
You scratch the endoplasm.
You kill the endoplasm!
Okawaru accepts your kill. The hobgoblin hits you.
Ouch! That really hurt!
You die...

.........#
#....#.#.###
##..#......##
.#..#.....).##
.#..#..#.....##
....###...#..†##
.#......####...######
.#....###
##.......#### #....##
#>_.@.....). .....#
#....g...... .....##
#...####..... ..##..#
#$..## .... ..###.#
#....## ... .#.##.#
#...# .. .###..# #..#
. ..#..## #.# .....#
#.


You could see a hobgoblin.

Vanquished Creatures
  2 endoplasms (D:1)
  A kobold (D:1)
  A rat (D:1)
4 creatures vanquished.

Notes
Turn   | Place    | Note
-------+----------+-------------------------------------------
     0 | D:1      | croobank the Felid Air Elementalist began the quest for the
                  | Orb.
     0 | D:1      | Reached XP level 1. HP: 7/7 MP: 4/4
    44 | D:1      | Found a faded altar of an unknown god.
    53 | D:1      | Prayed at the altar of an unknown god.
    53 | D:1      | Became a worshipper of Warmaster Okawaru
    53 | D:1      | Reached * piety under Okawaru
    58 | D:1      | Reached skill level 1 in Conjurations
    64 | D:1      | Slain by a hobgoblin

Illustrated notes

Levels and vault maps discovered:
D:1:      erik_arrival_blinker_ship, layout_basic,
          hellmonk_ecumenical_altar_crossroads, minmay_pentomino_p4

Skill      XL: |  1 |
---------------+----+-----
Conjurations   | 1 |  1.1
Dodging        | |  2.8
Stealth        | |  2.6
Spellcasting   | |  2.0
Air Magic      | |  2.6

Action                   || total
-------------------------++-------
Melee: Unarmed           ||     6
 Cast: Shock             ||     1
Invok: Heroism           ||     1
Dodge: Dodged            ||     2

Table legend: (Time is in decaauts)
 A = Elapsed time spent in this place.
 B = Non-inter-level travel time spent in this place.
 C = Inter-level travel time spent in this place.
 D = Time resting spent in this place.
 E = Time spent auto-exploring this place.
 F = Levels seen in this place.
 G = Mean time per level.
                   A        B        C        D        E       F      G
               +--------+--------+--------+--------+--------+-----+--------+
         Total |     55 |     55 |      0 |      0 |     31 |   1 |   55.0 |
       Dungeon |     55 |     55 |      0 |      0 |     31 |   1 |   55.0 |
               +--------+--------+--------+--------+--------+-----+--------+

Top non-repeatable levels by time:
     D:1: 55 daAuts
